Map: Terraform LE (Void)

Players

DestroyBoy

  • Race: Terran Terran
  • League: Platinum

PlainSigh - Winner!

  • Race: Protoss Protoss
  • League: Platinum

VOD

Have the link to the VOD?

Description

did not react to him at all lol, and got supply blocked

Time

  • Played on: Aug. 17, 2015, 2:13 a.m.
  • Length: 3:51
Show
View Real Time Build Order
Export as new Build Order

DestroyBoy Terran 

Build Orders:  

Get SALT Encoding   

  12  0:01  SCV  
  14  0:14  SCV  
  14  0:18  Supply Depot  
  14  0:26  SCV  
  15  0:36  Refinery  
  15  0:39  SCV  
  16  0:50  Barracks  
  16  0:53  SCV  
  17  1:06  SCV  
  18  1:18  SCV  
  20  1:38  Orbital Command  
  19  2:06  SCV, Barracks Tech Lab  
  20  2:10  Command Center  
  20  2:19  SCV  
  21  2:24  Barracks  
  21  2:27  Engineering Bay  
  21  2:30  Marine  
  21  2:34  SCV  
  21  2:36  Supply Depot  
  23  2:58  SCV, Marauder  
  26  3:11  Supply Depot  
  26  3:13  Marine  
  28  3:20  Marauder  
  28  3:30  SCV, Marine  
Show
View Real Time Build Order
Export as new Build Order

PlainSigh Protoss - Winner!

Build Orders:  

Get SALT Encoding   

  12  0:00  Probe  
  13  0:14  Pylon  
  13  0:18  Probe  
  14  0:32  Probe (Chrono Boost)  
  14  0:35  Gateway  
  16  0:43  Probe (Chrono Boost)  
  16  0:49  Probe (Chrono Boost), Assimilator  
  17  0:52  Assimilator  
  17  1:01  Probe (Chrono Boost)  
  18  1:05  Pylon  
  18  1:13  Probe (Chrono Boost)  
  19  1:20  Probe (Chrono Boost)  
  20  1:30  Probe  
  20  1:31  Cybernetics Core  
  21  1:42  Probe  
  22  1:50  Zealot (Chrono Boost)  
  24  1:54  Probe  
  25  2:10  Mothership Core (Chrono Boost), Adept  
  28  2:29  Nexus  
  28  2:39  Stargate  
  28  2:44  Probe (Chrono Boost)  
  29  2:56  Probe (Chrono Boost)  
  30  3:07  Pylon  
  30  3:24  Probe  
  33  3:36  Probe (Chrono Boost)  
  32  3:51  Robotics Facility  
Tags
 
Add a new tag
Caveats
  • Supply blocks, unpowered buildings, or Contaminate may cause inaccurate times.
  • Supply counts are checked every 10 seconds.